[Event "Titled Tuesday Blitz December 06 Early 2022"]
[White "Sagita, Catur Adi"]
[Black "Kamsky, Gata"]
[WhiteFideId "7104618"]
[BlackFideId "2000024"]
[WhiteElo "2232"]
[BlackElo "2666"]
[Result "1-0"]
[Round "03"]
[TimeControl "180+1"]
[Date "2022.12.07"]
[WhiteClock "0:00:36"]
[BlackClock "0:00:21"]

1. d4 f5 2. Nf3 Nf6 3. g3 g6 4. Bg2 Bg7 5. O-O d6 6. c4 O-O 7. Nc3 c6 8. d5 e5 9. dxe6 Bxe6 10. Nd2 Na6 11. b3 d5 12. Bb2 dxc4 13. bxc4 Qe7 14. Qc2 Rad8 15. Rad1 Ng4 16. Na4 f4 17. Bxg7 Qxg7 18. Ne4 Qe5 19. h3 Nf6 20. Nxf6+ Qxf6 21. Kh2 fxg3+ 22. fxg3 Qe5 23. Rxd8 Rxd8 24. Qb3 b5 25. Nb2 bxc4 26. Qb7 Nc5 27. Qe7 Qb8 28. Qxc5 Qxb2 29. Qe7 1-0


[Site "https://www.chess.com"]

[Event "Titled Tuesday Blitz December 06 Early 2022"]
[White "Salman, Pavel"]
[Black "Timofeev, Artyom"]
[WhiteFideId "24153753"]
[BlackFideId "4140419"]
[WhiteElo "2187"]
[BlackElo "2586"]
[Result "0-1"]
[Round "03"]
[TimeControl "180+1"]
[Date "2022.12.07"]
[WhiteClock "0:00:06"]
[BlackClock "0:00:44"]

1. Nf3 d5 2. g3 c5 3. Bg2 Nc6 4. O-O e5 5. d3 Nf6 6. e4 d4 7. a4 Bd6 8. Na3 O-O 9. Nc4 Bc7 10. Nh4 Be6 11. b3 a6 12. Nf5 b5 13. axb5 axb5 14. Rxa8 Qxa8 15. Nd2 Nb4 16. Nf3 Qa2 17. Ne1 Qb1 18. f4 Na2 19. Nf3 Qxc1 20. Qxc1 Nxc1 21. Rxc1 exf4 22. gxf4 Bxf4 23. Ra1 Re8 24. Ra5 Bd7 25. Kf2 Bxf5 26. exf5 Ng4+ 27. Kg1 h5 28. Rxb5 Re2 29. Rxc5 Be3+ 30. Kf1 Rf2+ 31. Ke1 Rxg2 32. h3 Nf6 33. b4 Rg3 34. Ke2 Rg2+ 35. Ke1 g5 36. fxg6 Rxg6 37. b5 Nd7 38. Rc8+ Kg7 39. h4 Nb6 40. Rc5 Rg3 41. Ke2 Rg2+ 42. Ke1 Rg3 43. Ke2 Na4 44. Rf5 Nc3+ 45. Kf1 Kg6 46. Nxd4 Bxd4 47. Rf4 Nxb5 48. c3 Bxc3 0-1


[Site "https://www.chess.com"]

[Event "Titled Tuesday Blitz December 06 Early 2022"]
[White "Samaganova, Aleksandra"]
[Black "Postnikov, Artem"]
[WhiteFideId "13800221"]
[BlackFideId "34153575"]
[WhiteElo "1864"]
[BlackElo "2243"]
[Result "1-0"]
[Round "03"]
[TimeControl "180+1"]
[Date "2022.12.07"]
[WhiteClock "0:00:02"]
[BlackClock "0:00:03"]

1. c4 Nf6 2. Nc3 e6 3. e4 d5 4. e5 d4 5. exf6 dxc3 6. bxc3 Qxf6 7. Nf3 Nc6 8. Bd3 e5 9. Be4 Bd6 10. O-O O-O 11. d4 h6 12. c5 Be7 13. Bxc6 bxc6 14. Nxe5 Bxc5 15. Qa4 Bd6 16. Nc4 c5 17. Be3 cxd4 18. Bxd4 Qg6 19. g3 Bb7 20. Rfe1 c5 21. Qd7 cxd4 22. Nxd6 Rfd8 23. Qxb7 Qxd6 24. cxd4 Qxd4 25. Rac1 Qb6 26. Qe7 Rf8 27. Rc7 a5 28. a3 a4 29. Rd1 Rae8 30. Qd7 Qb3 31. Rd3 Qb1+ 32. Kg2 Re1 33. Rf3 Rg1+ 34. Kh3 Qf1+ 35. Kg4 Qe2 36. Qe7 1-0


[Site "https://www.chess.com"]

[Event "Titled Tuesday Blitz December 06 Early 2022"]
[White "Sanchez, Robert"]
[Black "Gabdrakhmanov, Azat"]
[WhiteFideId "2034360"]
[BlackFideId "34189197"]
[WhiteElo "2349"]
[BlackElo "2254"]
[Result "0-1"]
[Round "03"]
[TimeControl "180+1"]
[Date "2022.12.07"]
[WhiteClock "0:00:18"]
[BlackClock "0:00:11"]

1. Nf3 c5 2. e3 e6 3. c4 Nf6 4. Nc3 b6 5. d4 Bb7 6. Bd3 Be7 7. O-O O-O 8. b3 d6 9. Bb2 Nbd7 10. h3 Rc8 11. Re1 Qc7 12. e4 cxd4 13. Nxd4 a6 14. Rc1 Qb8 15. Na4 Rfe8 16. Bb1 Ba8 17. f4 b5 18. cxb5 axb5 19. Nc3 b4 20. Na4 Rxc1 21. Qxc1 Nc5 22. Nxc5 dxc5 23. Nf3 Qb6 24. Qe3 Rd8 25. Ne5 Qc7 26. Nc4 Nd7 27. f5 Nb6 28. Nxb6 Qxb6 29. Qg3 f6 30. e5 c4+ 31. Kh2 c3 32. Bc1 fxe5 33. Bh6 Bf6 34. Bxg7 Bxg7 35. f6 Qb7 36. fxg7 Qxg7 37. Bxh7+ Kh8 38. Be4 Qxg3+ 39. Kxg3 Bxe4 40. Rxe4 Rd2 41. Rxb4 Rxa2 42. Rc4 c2 43. b4 Kg7 44. b5 Rb2 45. b6 Kf6 46. b7 Kf5 47. Rxc2 Rb3+ 48. Kh4 Rxb7 49. Rf2+ Ke4 50. g4 Rh7+ 51. Kg3 Kd3 52. Rf6 Re7 53. Kf2 e4 54. Ke1 e3 55. g5 Ra7 56. Kf1 Ra1+ 57. Kg2 e2 58. Rxe6 e1=Q 59. Rxe1 Rxe1 60. Kg3 Ke4 61. Kg4 Rg1+ 62. Kh5 Kf5 63. h4 Ke6 64. Kh6 Kf7 65. h5 Kg8 66. Kg6 Ra1 67. h6 Ra6+ 68. Kh5 Kh7 0-1


[Site "https://www.chess.com"]

[Event "Titled Tuesday Blitz December 06 Early 2022"]
[White "Sarana, Alexey"]
[Black "Kazakouski, Valery"]
[WhiteFideId "24133795"]
[BlackFideId "13507443"]
[WhiteElo "2708"]
[BlackElo "2516"]
[Result "1-0"]
[Round "03"]
[TimeControl "180+1"]
[Date "2022.12.06"]
[WhiteClock "0:00:25"]
[BlackClock "0:00:10"]

1. d4 d5 2. c4 e6 3. Nc3 a6 4. cxd5 exd5 5. Bf4 Nf6 6. e3 Bd6 7. Bxd6 Qxd6 8. Bd3 O-O 9. h3 Be6 10. Nf3 Nbd7 11. O-O h6 12. Qc2 c6 13. b4 b5 14. Rfb1 Nb6 15. a4 Nc4 16. Ne2 Rfe8 17. Nf4 Bd7 18. Nd2 Nb6 19. a5 Nc4 20. Nb3 Rad8 21. Nc5 Bc8 22. Bf5 Bxf5 23. Qxf5 Ra8 24. Re1 Ne4 25. Nfd3 Nf6 26. Re2 g6 27. Qf3 Ne4 28. Rae1 Kg7 29. Qf4 Qxf4 30. exf4 Nxc5 31. Nxc5 Rxe2 32. Rxe2 Kf8 33. Nd7+ Kg7 34. g4 Nd6 35. Nc5 Kf8 36. f3 Ra7 37. Kf2 Kg7 38. Kg3 Kf8 39. h4 Kg7 40. Re5 h5 41. Kh3 Kh6 42. Kg2 hxg4 43. fxg4 f5 44. Re6 Ne4 45. gxf5 Nxc5 46. Rxg6+ Kh5 47. dxc5 Rc7 48. Kf3 Rc8 49. Rd6 Rc7 50. f6 Kg6 51. Kg4 Rc8 52. h5+ Kh6 53. Kf5 1-0


[Site "https://www.chess.com"]

[Event "Titled Tuesday Blitz December 06 Early 2022"]
[White "Sargsyan, Anna M."]
[Black "Vifleemskaia, Svetlana"]
[WhiteFideId "13308130"]
[BlackFideId "4129490"]
[WhiteElo "2284"]
[BlackElo "1930"]
[Result "1-0"]
[Round "03"]
[TimeControl "180+1"]
[Date "2022.12.07"]
[WhiteClock "0:01:20"]
[BlackClock "0:00:06"]

1. d4 Nf6 2. c4 e6 3. Nf3 Bb4+ 4. Bd2 Qe7 5. g3 O-O 6. Bg2 Nc6 7. O-O Bxd2 8. Qxd2 a5 9. Nc3 d6 10. e4 e5 11. d5 Nb8 12. a3 a4 13. Qc2 Nbd7 14. Nxa4 Nxe4 15. Qxe4 Rxa4 16. b4 b6 17. Nd4 Qf6 18. Nb5 Ba6 19. Nxc7 Qg6 20. Qe2 Rc8 21. Nxa6 Rxa6 22. c5 Ra7 23. c6 Nf6 24. a4 e4 25. Qb5 Rac7 26. Rfd1 Qg5 27. Qxb6 h5 28. Qe3 Qe5 29. Qd4 Qf5 30. b5 1-0


[Site "https://www.chess.com"]

[Event "Titled Tuesday Blitz December 06 Early 2022"]
[White "Schekachikhin, Maksim"]
[Black "Battlecruiser_Operational"]
[WhiteFideId "24177830"]
[WhiteElo "2272"]
[BlackElo "2228"]
[Result "1-0"]
[Round "03"]
[TimeControl "180+1"]
[Date "2022.12.07"]
[WhiteClock "0:00:19"]
[BlackClock "0:00:03"]

1. c4 c6 2. e4 e5 3. Nf3 Qc7 4. Nc3 Bc5 5. g3 a5 6. Bg2 Ne7 7. O-O d6 8. d4 exd4 9. Nxd4 O-O 10. Be3 Na6 11. f4 f5 12. Qd2 Bd7 13. Rad1 Rae8 14. Nxf5 Nxf5 15. Bxc5 dxc5 16. exf5 Bxf5 17. Rfe1 Nb4 18. Rxe8 Rxe8 19. Re1 Rd8 20. Qe3 Nd3 21. Re2 Qd7 22. Be4 Bxe4 23. Qxe4 Qd4+ 24. Qxd4 cxd4 25. Ne4 Nb4 26. a3 d3 27. Rd2 Nc2 28. Nc5 Ne3 29. b3 b5 30. cxb5 cxb5 31. Rxd3 Rxd3 32. Nxd3 Nc2 33. a4 bxa4 34. bxa4 Nb4 35. Nc5 Nd5 36. Kf2 Kf7 37. Ke2 Ke7 38. Kd3 Kd6 39. Nb7+ Kc7 40. Nxa5 Nb6 41. Nc4 Nxa4 42. Ke4 Kd7 43. f5 Ke7 44. Ne5 Nc5+ 45. Kf4 Nb7 46. g4 Nd6 47. h4 h6 48. Nc6+ Kf7 49. Nd8+ Ke7 50. Ne6 g6 51. Ng7 gxf5 52. Nxf5+ Nxf5 53. Kxf5 Kf7 54. h5 Kg7 55. Ke6 Kf8 56. Kf6 Kg8 57. Kg6 1-0


[Site "https://www.chess.com"]

[Event "Titled Tuesday Blitz December 06 Early 2022"]
[White "Shubenkova, Veronika"]
[Black "Riehle, Marco"]
[WhiteFideId "44124040"]
[BlackFideId "12904392"]
[WhiteElo "2027"]
[BlackElo "2462"]
[Result "0-1"]
[Round "03"]
[TimeControl "180+1"]
[Date "2022.12.07"]
[WhiteClock "0:00:15"]
[BlackClock "0:01:07"]

1. e4 e5 2. Nf3 Nf6 3. Nxe5 Nxe4 4. d3 Nf6 5. Be2 d6 6. Nf3 d5 7. d4 Bd6 8. O-O O-O 9. Bd3 Bg4 10. h3 Bh5 11. Bg5 Nbd7 12. Nbd2 c5 13. c3 c4 14. Bf5 Bg6 15. Qc2 Re8 16. Rae1 Qb6 17. Bxg6 hxg6 18. Rxe8+ Rxe8 19. Re1 Rxe1+ 20. Nxe1 Bc7 21. g3 Qe6 22. Ng2 b5 23. h4 Qe2 24. Qc1 Ne4 25. Nxe4 dxe4 26. Bf4 Bd8 27. Be3 Nf6 28. Nf4 Qf3 29. Qd2 Bc7 30. d5 Bxf4 31. Bxf4 Qd3 32. d6 Qxd2 33. Bxd2 Kf8 34. Be3 a6 35. Kf1 Ke8 36. Bc5 Kd7 37. Ke2 Nd5 38. Kd2 Kc6 39. Ba3 a5 40. b4 a4 41. Bc1 Kxd6 42. Kc2 Ke5 43. Bd2 e3 44. Be1 Ke4 45. fxe3 Kxe3 46. Bd2+ Ke2 47. g4 Ne3+ 48. Kc1 Nxg4 49. Bf4 Nf2 50. Kc2 f5 51. a3 Nd3 52. Bc7 f4 53. Bb6 f3 54. Bd4 f2 0-1


[Site "https://www.chess.com"]

[Event "Titled Tuesday Blitz December 06 Early 2022"]
[White "Sjugirov, Sanan"]
[Black "Sipila, Vilka"]
[WhiteFideId "4189302"]
[BlackFideId "505455"]
[WhiteElo "2613"]
[BlackElo "2348"]
[Result "1-0"]
[Round "03"]
[TimeControl "180+1"]
[Date "2022.12.06"]
[WhiteClock "0:01:30"]
[BlackClock "0:01:04"]

1. e4 d6 2. d4 Nf6 3. Bd3 g6 4. Nf3 Bg7 5. O-O O-O 6. h3 Nc6 7. c3 e5 8. Re1 exd4 9. cxd4 Nb4 10. Bf1 d5 11. e5 Ne4 12. Nc3 Bf5 13. g4 Be6 14. Nxe4 dxe4 15. Ng5 Bd5 16. Nxe4 f6 17. Bg2 fxe5 18. Bg5 Qe8 19. dxe5 Kh8 20. Nf6 Bxg2 21. Nxe8 Bf3 22. Qb3 Nc6 23. Nxg7 Kxg7 24. Bf6+ 1-0


[Site "https://www.chess.com"]

[Event "Titled Tuesday Blitz December 06 Early 2022"]
[White "Skibbe, Willi"]
[Black "Kleiman, Jake"]
[WhiteFideId "4682190"]
[BlackFideId "2020041"]
[WhiteElo "2363"]
[BlackElo "2550"]
[Result "0-1"]
[Round "03"]
[TimeControl "180+1"]
[Date "2022.12.07"]
[WhiteClock "0:01:23"]
[BlackClock "0:00:22"]

1. c4 e5 2. Nc3 Bb4 3. Qc2 Nf6 4. Nf3 d6 5. e3 O-O 6. a3 Bxc3 7. Qxc3 Re8 8. b4 b6 9. Be2 Bb7 10. Bb2 c5 11. O-O Nbd7 12. d4 exd4 13. Qd2 dxe3 14. fxe3 Ne4 15. Qc2 Ndf6 16. Rad1 Qe7 17. Bd3 Ng4 18. Rde1 h6 19. h4 Ng3 20. Qc3 f6 21. Bb1 Nxf1 22. Qd3 Be4 23. Qxf1 Bxb1 24. Rxb1 Qxe3+ 25. Kh1 Qe2 26. Qg1 Nf2+ 27. Kh2 Nd3 28. Bc3 Re4 29. Rd1 Qe3 30. Qf1 Ne5 31. Bxe5 dxe5 32. Re1 Qf4+ 33. Kg1 Rxe1 34. Qxe1 Rd8 35. Qe2 e4 36. Ne1 Rd2 0-1


[Site "https://www.chess.com"]

[Event "Titled Tuesday Blitz December 06 Early 2022"]
[White "Szyszylo, Rafal"]
[Black "Wieczorek, Zbigniew"]
[WhiteFideId "1109626"]
[BlackFideId "1102001"]
[WhiteElo "1981"]
[BlackElo "2236"]
[Result "0-1"]
[Round "03"]
[TimeControl "180+1"]
[Date "2022.12.07"]
[WhiteClock "0:00:22"]
[BlackClock "0:01:25"]

1. e4 g6 2. d4 Bg7 3. Nc3 c6 4. Nf3 d5 5. h3 dxe4 6. Nxe4 Bf5 7. Ng3 Be6 8. c4 Nf6 9. Be2 O-O 10. O-O Qc7 11. Re1 Rd8 12. Be3 Nbd7 13. Ng5 Nf8 14. Nxe6 Nxe6 15. Qd2 Nxd4 16. Bxd4 c5 17. Bf3 Rxd4 18. Qe2 e6 19. b3 Rad8 20. Rad1 b6 21. Rxd4 Rxd4 22. Rd1 Qd6 23. Rxd4 Qxd4 24. Kh2 h5 25. Ne4 Nd7 26. g3 h4 27. Kg2 hxg3 28. fxg3 Ne5 29. Ng5 Nd3 30. h4 Bf6 31. Ne4 Be5 32. Ng5 Bxg3 33. Kxg3 Qd6+ 34. Kg4 f5+ 35. Kh3 Nf4+ 36. Kg3 Nxe2+ 37. Kf2 Nd4 38. Be2 Qh2+ 39. Ke3 Qxe2+ 40. Kf4 e5+ 41. Kg3 f4+ 42. Kh3 Qe3+ 43. Kh2 Qg3+ 44. Kh1 Qxh4+ 45. Nh3 Qxh3+ 46. Kg1 Qg3+ 47. Kh1 f3 48. b4 Qg2# 0-1


[Site "https://www.chess.com"]

[Event "Titled Tuesday Blitz December 06 Early 2022"]
[White "Tarnowska, Aleksandra"]
[Black "Kyaw Lay Htaik"]
[WhiteFideId "1180967"]
[BlackFideId "13002007"]
[WhiteElo "1776"]
[BlackElo "2261"]
[Result "0-1"]
[Round "03"]
[TimeControl "180+1"]
[Date "2022.12.07"]
[WhiteClock "0:00:11"]
[BlackClock "0:00:53"]

1. e4 c5 2. Nf3 Nc6 3. Bb5 g6 4. O-O Bg7 5. c3 Nh6 6. d4 cxd4 7. cxd4 Qb6 8. Bxc6 bxc6 9. Nc3 O-O 10. Na4 Qc7 11. h3 d6 12. Bf4 f6 13. Qd2 Nf7 14. Rac1 a5 15. d5 c5 16. Rxc5 Qd8 17. Rc2 Bd7 18. Nc3 a4 19. Rfc1 Qa5 20. Nd4 Ne5 21. Bxe5 fxe5 22. Nc6 Bxc6 23. dxc6 Rac8 24. Nd5 Qa7 25. c7 Bf6 26. Qd3 Bg5 27. Rf1 e6 28. Nb4 Rxc7 29. Qxd6 Rxc2 30. Nxc2 Kf7 31. Qxe5 Bf6 32. Qf4 Kg7 33. Ne3 Bxb2 34. Qg4 Qf7 35. Kh1 Bd4 36. f3 Bxe3 37. Qg3 Qf6 38. Qc7+ Rf7 39. Qc4 Qg5 40. Qxa4 Bf4 41. Qb3 Qg3 42. Kg1 Qh2+ 43. Kf2 Bg3+ 44. Ke3 Qxg2 45. Qc3+ e5 46. Rd1 Qf2+ 47. Kd3 Rd7+ 48. Kc4 Rc7+ 49. Kb3 Rxc3+ 50. Kxc3 Qxf3+ 51. Kc2 Qxe4+ 52. Rd3 Qa4+ 53. Kd2 Qxa2+ 54. Ke3 Qa7+ 55. Ke4 Qd4+ 56. Rxd4 exd4 57. Kxd4 Kf6 58. Ke3 h5 59. Kf3 Bc7 60. Ke4 g5 61. Kf3 Kf5 62. Kf2 Kf4 63. h4 g4 64. Kg2 Ke3 65. Kf1 Kf3 66. Kg1 Kg3 67. Kh1 Kxh4 68. Kg1 Kg3 69. Kh1 h4 70. Kg1 Kh3 71. Kh1 g3 72. Kg1 Bb6+ 73. Kh1 g2# 0-1


[Site "https://www.chess.com"]

[Event "Titled Tuesday Blitz December 06 Early 2022"]
[White "Tasev, Dejan"]
[Black "Ramirez Vido, Robert Yorisan"]
[WhiteFideId "936618"]
[BlackFideId "3513823"]
[WhiteElo "2253"]
[BlackElo "2369"]
[Result "1-0"]
[Round "03"]
[TimeControl "180+1"]
[Date "2022.12.07"]
[WhiteClock "0:00:31"]
[BlackClock "0:00:09"]

1. e4 d6 2. d4 Nf6 3. Nc3 g6 4. Nge2 Bg7 5. f3 c6 6. Be3 b5 7. a3 Nbd7 8. Qd2 Nb6 9. Nf4 Qc7 10. h4 h5 11. Nh3 Bxh3 12. Rxh3 O-O 13. Be2 Nc4 14. Bxc4 bxc4 15. g4 hxg4 16. fxg4 Nxg4 17. h5 Nxe3 18. Qxe3 Qb6 19. O-O-O Rab8 20. hxg6 Qxb2+ 21. Kd2 fxg6 22. Rg1 Rb3 23. Rxg6 Rxc3 24. Rxg7+ Kxg7 25. Qg5+ Kf7 26. Qh5+ Kg7 27. Qg5+ Kf7 28. Rh7+ Ke8 29. Qxe7# 1-0


[Site "https://www.chess.com"]

[Event "Titled Tuesday Blitz December 06 Early 2022"]
[White "Tatarinov, Dmitry"]
[Black "Le, Tuan Minh"]
[WhiteFideId "24160067"]
[BlackFideId "12401153"]
[WhiteElo "2326"]
[BlackElo "2530"]
[Result "0-1"]
[Round "03"]
[TimeControl "180+1"]
[Date "2022.12.06"]
[WhiteClock "0:01:07"]
[BlackClock "0:01:13"]

1. d4 d5 2. c4 c6 3. cxd5 cxd5 4. Nc3 Nf6 5. Bf4 Nc6 6. Nf3 a6 7. e3 Bg4 8. Qb3 Na5 9. Qd1 Bxf3 10. Qxf3 e6 11. Bd3 Bd6 12. Bg5 Rc8 13. O-O h6 14. Bxf6 Qxf6 15. Qxf6 gxf6 16. Rfc1 Ke7 17. g3 f5 18. Kg2 b5 19. a4 Nb3 20. axb5 Nxc1 21. Rxc1 axb5 22. Bxb5 Bb4 23. Bd3 Bxc3 24. bxc3 Rc7 25. c4 dxc4 26. Rxc4 Ra7 27. d5 Rd8 28. Rd4 Ra5 29. dxe6 Rxd4 30. exd4 fxe6 31. Kf3 Kd6 32. Ke3 Kd5 33. h4 Ra4 34. Bc2 Rxd4 35. Bb3+ Kc5 36. f4 Rb4 37. Bd1 Rb1 38. Bh5 Rb3+ 39. Kf2 Kd4 40. Bf7 Re3 41. Be8 Ra3 42. Bf7 Kd5 43. Bh5 Ke4 44. Bf7 Ra2+ 45. Ke1 Ke3 46. Kd1 Ra6 47. Bh5 Kf2 48. g4 fxg4 49. Bxg4 Kg3 50. Bxe6 Rxe6 51. f5 Rf6 52. h5 Rxf5 53. Kd2 Rxh5 54. Ke3 Rf5 55. Ke4 Rf4+ 56. Ke5 h5 57. Ke6 h4 58. Ke7 h3 59. Ke8 h2 60. Ke7 h1=Q 61. Ke8 Qe1+ 62. Kd7 Rf2 63. Kc8 Rd2 64. Kb7 Qc1 65. Ka6 Rb2 66. Ka5 Qa1# 0-1


[Site "https://www.chess.com"]

[Event "Titled Tuesday Blitz December 06 Early 2022"]
[White "Tay, Junior"]
[Black "Omelja, Artem"]
[WhiteFideId "5800439"]
[BlackFideId "14119846"]
[WhiteElo "2216"]
[BlackElo "2404"]
[Result "0-1"]
[Round "03"]
[TimeControl "180+1"]
[Date "2022.12.07"]
[WhiteClock "0:00:17"]
[BlackClock "0:00:17"]

1. e4 c5 2. Nf3 e6 3. d4 cxd4 4. Bg5 Qa5+ 5. c3 dxc3 6. Nxc3 Nc6 7. Bc4 h6 8. Bd2 Qc7 9. Qe2 a6 10. O-O Nge7 11. Rac1 Ng6 12. Rfe1 Bd6 13. g3 O-O 14. Bb3 Qb8 15. Na4 b5 16. Nc5 Bxc5 17. Rxc5 Bb7 18. h4 d6 19. Rcc1 Nge5 20. Nxe5 dxe5 21. Qg4 Kh7 22. f4 Nd4 23. f5 exf5 24. Qh5 Bxe4 25. Bxf7 Rxf7 26. Qxf7 Nf3+ 27. Kf2 Nxd2 28. Rc7 Qf8 29. Qh5 Rc8 30. Rec1 Nc4 31. Rxc8 Qxc8 32. Kg1 Qc5+ 33. Kh2 Qf2+ 34. Kh3 Qg2# 0-1


[Site "https://www.chess.com"]

[Event "Titled Tuesday Blitz December 06 Early 2022"]
[White "Terzi, Alexei"]
[Black "Tsyhanchuk, Stanislav"]
[WhiteFideId "13505076"]
[BlackFideId "13505130"]
[WhiteElo "2172"]
[BlackElo "2173"]
[Result "1-0"]
[Round "03"]
[TimeControl "180+1"]
[Date "2022.12.07"]
[WhiteClock "0:00:19"]
[BlackClock "0:00:13"]

1. e4 c5 2. Nf3 e6 3. d4 cxd4 4. Nxd4 a6 5. c4 Nf6 6. Nc3 Qc7 7. a3 b6 8. Be2 Bb7 9. f3 Be7 10. Be3 d6 11. O-O Nbd7 12. Rc1 O-O 13. b4 Rac8 14. Nb3 h5 15. Bg5 Qb8 16. Qd2 Bd8 17. Rfd1 Bc7 18. Bf4 Ne5 19. Bxe5 dxe5 20. c5 b5 21. a4 Bc6 22. axb5 axb5 23. Qg5 Bd8 24. Qg3 h4 25. Qf2 h3 26. g3 Bc7 27. Bf1 Rcd8 28. Bxh3 Rxd1+ 29. Rxd1 Rd8 30. Bf1 Rxd1 31. Nxd1 Qa8 32. Qb2 Qa4 33. Qc3 g5 34. g4 Kg7 35. Bd3 Kg6 36. Bc2 Qa3 37. Nb2 Ng8 38. Nd3 Ne7 39. Qb2 Qa8 40. Nxe5+ Bxe5 41. Qxe5 Qc8 42. Nd4 Bd7 43. Qd6 Nc6 44. Nxc6 Qxc6 45. Qxc6 Bxc6 46. Bd3 f6 47. Kf2 f5 48. exf5+ exf5 49. Bxf5+ Kf6 50. Kg2 Ke5 51. Kg3 Kd4 52. h4 gxh4+ 53. Kxh4 Bxf3 54. g5 Bc6 55. g6 Ke5 56. Kg5 Bd5 57. g7 Bg8 58. Bg6 Kd5 59. Kf6 Kc6 60. Bf7 Bh7 61. Bg8 Bxg8 62. Ke7 Bd5 63. Kf8 Bc4 64. g8=Q Bxg8 65. Kxg8 Kd5 66. Kf7 Kc6 67. Ke6 Kc7 68. Kd5 Kb7 69. Kd6 Kc8 70. Kc6 Kb8 71. Kxb5 Kc8 72. c6 Kc7 73. Kc5 Kc8 74. b5 Kb8 75. b6 Kc8 76. Kd6 Kb8 77. Kd7 Ka8 78. c7 Kb7 79. c8=Q+ Kxb6 80. Qc4 Ka7 81. Qb3 Ka8 82. Kc7 Ka7 83. Qa4# 1-0


[Site "https://www.chess.com"]

[Event "Titled Tuesday Blitz December 06 Early 2022"]
[White "Topalov, Aleksandar"]
[Black "Martinez Reyes, Pedro Ramon"]
[WhiteFideId "925659"]
[BlackFideId "3901807"]
[WhiteElo "2151"]
[BlackElo "2354"]
[Result "0-1"]
[Round "03"]
[TimeControl "180+1"]
[Date "2022.12.07"]
[WhiteClock "0:00:18"]
[BlackClock "0:01:25"]

1. b3 e5 2. Bb2 Nc6 3. e3 Nf6 4. Bb5 e4 5. Ne2 d5 6. O-O Bd6 7. Ng3 h5 8. f4 h4 9. Ne2 h3 10. g3 a6 11. Bxc6+ bxc6 12. f5 Ng4 13. Nd4 Ne5 14. f6 g6 15. d3 Bg4 16. Nxc6 Bxd1 17. Nxd8 Bxc2 18. Nb7 Nf3+ 19. Rxf3 exf3 20. Nxd6+ cxd6 21. Nc3 Rh5 22. Kf2 Bxd3 23. Rd1 Be4 24. Ba3 Rc8 25. Bb4 Rc6 26. Rd2 Kd7 27. g4 Re5 28. Rd4 Ke6 29. Kg3 Kxf6 30. Rd2 Ke6 31. Kxh3 f5 32. gxf5+ Rxf5 33. Kg3 Rb6 34. Ba5 Rc6 35. Bb4 Rg5+ 36. Kh3 Rc8 0-1


[Site "https://www.chess.com"]

[Event "Titled Tuesday Blitz December 06 Early 2022"]
[White "Viana Da Costa, Fernando"]
[Black "Salinas Herrera, Pablo"]
[WhiteFideId "2111900"]
[BlackFideId "3407128"]
[WhiteElo "2259"]
[BlackElo "2557"]
[Result "0-1"]
[Round "03"]
[TimeControl "180+1"]
[Date "2022.12.07"]
[WhiteClock "0:00:01"]
[BlackClock "0:00:08"]

1. e4 c5 2. Nf3 e6 3. Nc3 a6 4. d4 cxd4 5. Nxd4 Qc7 6. Bd3 Nf6 7. O-O d6 8. Kh1 Be7 9. f4 O-O 10. a4 b6 11. Qf3 Bb7 12. Qh3 Nbd7 13. Bd2 Rfe8 14. Rae1 g6 15. f5 e5 16. fxg6 hxg6 17. Nf3 d5 18. Ng5 d4 19. Nd5 Bxd5 20. exd5 Nf8 21. Rf3 Qd7 22. Rxe5 Qxh3 23. gxh3 N8d7 24. Re2 b5 25. axb5 Nxd5 26. Nxf7 Nc5 27. Bc4 Nb6 28. Nh6+ Kh8 29. Bf7 Rf8 30. Rxe7 axb5 31. Rg3 Nc8 32. Rd7 Nxd7 33. Bxg6 Ne5 34. Be4 Nd6 35. Ng4 Ra1+ 36. Kg2 Nxe4 37. Nxe5 Rf2# 0-1


[Site "https://www.chess.com"]

[Event "Titled Tuesday Blitz December 06 Early 2022"]
[White "Vidit, Santosh Gujrathi"]
[Black "Godzwon, Iwo"]
[WhiteFideId "5029465"]
[BlackFideId "21802483"]
[WhiteElo "2669"]
[BlackElo "2284"]
[Result "1/2-1/2"]
[Round "03"]
[TimeControl "180+1"]
[Date "2022.12.07"]
[WhiteClock "0:00:05"]
[BlackClock "0:00:04"]

1. e4 c5 2. Nf3 e6 3. d4 cxd4 4. Nxd4 Nc6 5. Nc3 Qc7 6. g3 Nf6 7. Ndb5 Qb8 8. Bg2 a6 9. Nd4 Bc5 10. Nxc6 dxc6 11. O-O O-O 12. Bg5 Be7 13. f4 h6 14. Bxf6 Bxf6 15. e5 Be7 16. Ne4 b5 17. Qh5 Ra7 18. g4 Rd7 19. g5 hxg5 20. Nxg5 Bxg5 21. Qxg5 Bb7 22. Rf3 Qd8 23. Rf2 c5 24. Bxb7 Rxb7 25. Qg4 Rd7 26. Raf1 Rd2 27. h4 Qd4 28. c3 Qe3 29. Kg2 Rfd8 30. Qf3 Rxf2+ 31. Rxf2 Qc1 32. f5 Qh6 33. Kh3 Rd2 34. Rxd2 Qxd2 35. fxe6 fxe6 36. Qa8+ Kh7 37. Qxa6 Qe3+ 38. Kg2 Qe2+ 39. Kg1 Qe1+ 40. Kg2 Qe2+ 41. Kg1 Qe3+ 42. Kf1 Qc1+ 43. Ke2 Qxb2+ 44. Kd3 Qb1+ 45. Kd2 Qb2+ 46. Kd1 Qb1+ 47. Kd2 Qb2+ 48. Kd1 Qb1+ 49. Kd2 1/2-1/2


[Site "https://www.chess.com"]

[Event "Titled Tuesday Blitz December 06 Early 2022"]
[White "Vlassov, Nikolai"]
[Black "Hansen, Eric"]
[WhiteFideId "4103360"]
[BlackFideId "2606771"]
[WhiteElo "2324"]
[BlackElo "2568"]
[Result "1-0"]
[Round "03"]
[TimeControl "180+1"]
[Date "2022.12.07"]
[WhiteClock "0:01:50"]
[BlackClock "0:00:02"]

1. e4 c5 2. c3 Nf6 3. e5 Nd5 4. d4 cxd4 5. cxd4 e6 6. Nc3 Nxc3 7. bxc3 Qc7 8. Bd2 d6 9. f4 b6 10. Nf3 Bb7 11. Bd3 Nd7 12. O-O Be7 13. f5 dxe5 14. fxe6 fxe6 15. Ng5 Bxg5 16. Qh5+ g6 17. Bxg6+ hxg6 18. Qxh8+ Ke7 19. Bxg5+ Kd6 20. dxe5+ Kc6 21. Qg7 Qxe5 22. Qxg6 Nc5 23. Rae1 Qxc3 24. Rxe6+ Nxe6 25. Qxe6+ Kb5 26. Rf5+ Ka6 27. Qe2+ 1-0


[Site "https://www.chess.com"]

[Event "Titled Tuesday Blitz December 06 Early 2022"]
[White "Volkov, Maksim"]
[Black "Dardha, Daniel"]
[WhiteFideId "54123070"]
[BlackFideId "240990"]
[WhiteElo "2257"]
[BlackElo "2528"]
[Result "0-1"]
[Round "03"]
[TimeControl "180+1"]
[Date "2022.12.06"]
[WhiteClock "0:00:10"]
[BlackClock "0:00:30"]

1. d4 d5 2. c4 e6 3. Nf3 Nf6 4. g3 Bb4+ 5. Bd2 a5 6. Bg2 O-O 7. O-O dxc4 8. Qc2 Bxd2 9. Nbxd2 b5 10. a4 c6 11. b3 cxb3 12. Nxb3 b4 13. Ne5 Nd5 14. Rac1 Ba6 15. Rfe1 Nc3 16. Bxc6 Nxc6 17. Nxc6 Qd6 18. Ncxa5 Rfc8 19. Qd2 Nxa4 20. e3 Nc3 21. Qb2 Qd5 22. Nc5 Ne2+ 23. Rxe2 Bxe2 24. Qxb4 Bf3 25. Nc4 Rab8 26. Qe1 Bh1 27. f3 Bxf3 28. Qf2 Be4 29. Ne5 f6 30. Ned7 Qxd7 0-1


[Site "https://www.chess.com"]

[Event "Titled Tuesday Blitz December 06 Early 2022"]
[White "Weetik, Vjacheslav"]
[Black "Melaugh, Shane"]
[WhiteFideId "4153472"]
[BlackFideId "2509580"]
[WhiteElo "2469"]
[BlackElo "2025"]
[Result "1-0"]
[Round "03"]
[TimeControl "180+1"]
[Date "2022.12.07"]
[WhiteClock "0:00:04"]
[BlackClock "0:00:01"]

1. d4 e6 2. Nf3 f5 3. g3 b6 4. Bg2 Bb7 5. O-O Nf6 6. c4 Be7 7. d5 O-O 8. Nc3 Bb4 9. Qb3 Bxc3 10. Qxc3 exd5 11. b3 dxc4 12. bxc4 Ne4 13. Qc2 Na6 14. Bb2 Nac5 15. Rad1 Qe7 16. Nd4 d6 17. f3 Ng5 18. Nxf5 Qe6 19. e4 Ba6 20. Rc1 Qd7 21. Nxg7 Nge6 22. Nf5 Kf7 23. Qd2 Ke8 24. Bh3 Qa4 25. Qh6 Bxc4 26. Rfd1 Rf7 27. Rxd6 cxd6 28. Nxd6+ Ke7 29. Nxf7 Kxf7 30. Qxh7+ Ke8 31. Qg8+ Kd7 32. Qxa8 Qxa2 33. Rd1+ Ke7 34. Be5 Qe2 35. Bd6+ Kf7 36. Bxe6+ Kxe6 37. Qe8+ Kf6 38. Qe7+ Kg6 39. Qe8+ Kf6 40. Be5+ Kg5 41. h4+ Kh6 42. Qh8+ Kg6 43. Qg7+ Kh5 44. Qg5# 1-0


[Site "https://www.chess.com"]